AoeStats
← dientee

Black Forest

507807119Analyzed
4v4 RM · 12d ago on Sep 19, 2026· 48m 5s· 8 players
Game mode
Random Map
Map size
Large (8 player)
Population
200
Speed
Normal
Resources
Standard
Victory
Conquest
Starting age
Dark Age
Ending age
Imperial Age
RankedLock teamsTeams togetherTeam positionsShared explorationLock speedFull tech treeHidden civsTurbo modeCheats
Victory
Defeat
🇷🇺 Persians · Russia
1152
+14
🇨🇿 Maya · Czechia
1130
+15
🇹🇷 Poles · Türkiye
1114
+16
🇧🇪 Teutons · Belgium
1105
+16
🇬🇧 Lithuanians · United Kingdom
1175
-18
🇲🇽 Teutons · Mexico
1127
-16
🇦🇷 Magyars · Argentina
1095
-15
🇮🇳 Bohemians · India
1031
-12
AngryKok
0:26 Loom
13:07 Feudal Age
14:25 Wheelbarrow
13:35 Double-Bit Axe
13:34 Horse Collar
20:36 Castle Age
18:54 Fishing Lines
21:50 Hand Cart
21:47 Bow Saw
22:05 Heavy Plow
28:21 Imperial Age
26:54 Ballistics
27:56 Fletching
28:06 Padded Archer Armor
28:19 Forging
28:14 Scale Barding Armor
28:54 Bodkin Arrow
30:02 Chemistry
30:53 Iron Casting
30:34 Leather Archer Armor
30:39 Kamandaran
31:00 Conscription
31:20 Chain Barding Armor
31:01 Crossbowman
31:50 Thumb Ring
32:44 Crop Rotation
33:00 Citadels
34:50 Ring Archer Armor
35:21 Blast Furnace
34:36 Gold Mining
34:37 Stone Mining
34:50 Caravan
36:58 Gold Shaft Mining
36:27 Murder Holes
36:43 Masonry
37:11 Elite War Elephant
37:17 Elite War Elephant
39:05 Plate Barding Armor
39:28 Devotion
46:06 Husbandry
46:16 Bloodlines
CzechNoris
0:26 Loom
11:52 Feudal Age
14:33 Wheelbarrow
14:52 Double-Bit Axe
17:42 Castle Age
18:17 Eagle Warrior
25:58 Fishing Lines
26:32 Bow Saw
26:02 Horse Collar
27:09 Town Watch
28:22 Gillnets
30:09 Scale Mail Armor
30:20 Forging
30:33 Fletching
31:29 Hand Cart
32:21 Squires
32:07 Arson
33:16 Heavy Plow
33:11 Gold Mining
33:23 Stone Mining
36:22 Imperial Age
34:56 Chain Mail Armor
35:16 Iron Casting
36:20 Pikeman
37:01 Bodkin Arrow
36:30 Elite Eagle Warrior
37:52 Holcans
37:47 Capped Ram
40:00 Plate Mail Armor
40:31 Blast Furnace
40:38 Halberdier
41:19 Siege Ram
45:54 Town Patrol
Indomitable
3:42 Loom
10:59 Feudal Age
11:47 Double-Bit Axe
15:24 Horse Collar
18:07 Scale Barding Armor
18:14 Forging
20:19 Castle Age
18:32 Bloodlines
21:17 Bow Saw
23:10 Fishing Lines
23:53 Fervor
24:44 Wheelbarrow
27:28 Hand Cart
26:59 Town Watch
27:51 Husbandry
28:13 Chain Barding Armor
28:29 Iron Casting
32:02 Imperial Age
31:00 Szlachta Privileges
31:12 Fortified Wall
31:23 Ballistics
31:14 Masonry
31:20 Town Patrol
32:28 Treadmill Crane
33:52 Chemistry
32:16 Cavalier
34:24 Conscription
35:29 Blast Furnace
34:19 Fletching
36:11 Heavy Plow
37:47 Gold Mining
37:47 Stone Mining
38:43 Caravan
44:36 Lechitic Legacy
44:53 Hoardings
47:11 Crop Rotation
PietrusIV
1:40 Loom
12:56 Feudal Age
19:15 Castle Age
17:54 Stone Mining
19:36 Double-Bit Axe
20:17 Fletching
27:38 Bow Saw
27:11 Horse Collar
31:10 Bodkin Arrow
31:26 Forging
34:26 Imperial Age
32:38 Scale Mail Armor
35:09 Masonry
34:50 Guard Tower
36:07 Hoardings
36:09 Iron Casting
37:23 Chemistry
36:21 Gold Mining
37:27 Conscription
38:10 Blast Furnace
37:36 Bloodlines
37:30 Cavalier
38:17 Scale Barding Armor
38:44 Ballistics
40:58 Elite Teutonic Knight
42:02 Paladin
43:30 Chain Barding Armor
44:50 Plate Barding Armor
44:08 Town Watch
44:59 Wheelbarrow
45:41 Chain Mail Armor
45:52 Padded Archer Armor
47:47 Hand Cart
47:33 Town Patrol
borraznajera
0:28 Loom
12:12 Feudal Age
13:29 Wheelbarrow
12:39 Town Watch
13:03 Double-Bit Axe
13:21 Gold Mining
13:38 Horse Collar
17:53 Scale Barding Armor
17:49 Scale Mail Armor
17:59 Forging
18:58 Bloodlines
24:36 Castle Age
23:24 Stone Mining
25:20 Town Patrol
25:40 Bow Saw
27:28 Hand Cart
29:34 Stone Shaft Mining
29:06 Heavy Plow
30:14 Arson
30:30 Squires
30:15 Gambesons
31:37 Fortified Wall
31:19 Heated Shot
31:40 Masonry
37:35 Imperial Age
37:25 Ironclad
38:05 Iron Casting
37:45 Chain Mail Armor
38:11 Ballistics
37:42 Guard Tower
37:20 Pikeman
38:54 Conscription
39:11 Hoardings
39:53 Two-Man Saw
39:42 Crop Rotation
39:29 Elite Teutonic Knight
47:02 Plate Mail Armor
48:18 Blast Furnace
xSantalogx
5:53 Loom
12:14 Feudal Age
16:15 Castle Age
14:15 Double-Bit Axe
16:13 Wheelbarrow
22:10 Horse Collar
27:47 Imperial Age
27:51 Scale Barding Armor
28:31 Hand Cart
28:02 Town Watch
29:01 Chain Barding Armor
28:57 Gold Mining
30:14 Chemistry
29:45 Bloodlines
29:57 Husbandry
30:45 Cavalier
32:44 Forging
33:16 Heavy Plow
36:12 Conscription
38:12 Hill Forts
38:01 Paladin
39:51 Plate Barding Armor
39:52 Iron Casting
darockstar686
11:59 Feudal Age
18:40 Castle Age
22:58 Fervor
23:01 Horse Collar
23:08 Double-Bit Axe
24:51 Wheelbarrow
24:44 Loom
24:45 Town Watch
28:20 Fletching
29:47 Caravan
31:30 Hand Cart
31:39 Ballistics
31:21 Heavy Plow
32:41 Padded Archer Armor
32:43 Scale Mail Armor
33:34 Town Patrol
34:56 Leather Archer Armor
35:17 Bodkin Arrow
35:35 Forging
35:24 Murder Holes
35:11 Treadmill Crane
35:54 Elite Skirmisher
39:59 Imperial Age
38:44 Chemistry
39:48 Chain Mail Armor
40:09 Iron Casting
39:48 Masonry
39:50 Fortified Wall
39:55 Bow Saw
dientee
1:58 Loom
14:04 Feudal Age
18:16 Castle Age
16:38 Double-Bit Axe
19:26 Bow Saw
19:11 Horse Collar
24:13 Horse Collar
31:50 Scale Barding Armor
36:40 Imperial Age
34:51 Chain Barding Armor
37:00 Heavy Plow
38:04 Plate Barding Armor
Connection lost

Rejoining the realm…

Still unreachable

The connection could not be restored.

Session expired

The server has moved on; the page needs a fresh start.